 Seeded DCSS version 0.27.1-3-gb3d3a73c9e (webtiles) character file.

Game seed: 69420 (custom seed)

93 Rennog the Ruffian (level 4, -2/31 HPs)
             Began as an Octopode Fighter on Oct 27, 2021.
             Slain by a hobgoblin (5 damage)
             ... on level 3 of the Dungeon.
             The game lasted 00:02:42 (3174 turns).

Rennog the Ruffian (Octopode Fighter)               Turns: 3174, Time: 00:02:43

Health: -2/31      AC:  1    Str: 16    XL:     4   Next: 62%
Magic:  4/4        EV: 11    Int: 10    God:
Gold:   89         SH:  8    Dex: 11    Spells: 3/3 levels left

rFire    . . .     SeeInvis .     - Unarmed
rCold    . . .     Faith    .   o - +0 kite shield
rNeg     . . .     Spirit   .   (helmet restricted)
rPois    .         Reflect  .   (no amulet)
rElec    .         Harm     .   (no ring)
rCorr    .         Rampage  .   (no ring)
Will     .....                  (no ring)
Stlth    ++........             (no ring)
HPRegen  0.10/turn              (no ring)
MPRegen  0.09/turn              (no ring)
                                (no ring)
                                (no ring)

@: no status effects
A: almost no armour, amphibious, 8 rings, camouflage 1, gelatinous body 1,
(nimble swimmer 1), tentacles
a: no special abilities


You were on level 3 of the Dungeon.
You visited 1 branch of the dungeon, and saw 3 of its levels.

You collected 89 gold pieces.

Inventory:

Missiles
 c - 8 silver javelins (quivered)
Armour
 a - a +0 kite shield
 o - a +0 kite shield (worn)
Jewellery
 d - a ring of positive energy
 j - an amulet of faith
Scrolls
 f - a scroll of enchant armour {unknown}
 h - a scroll of vulnerability {unknown}
 k - a scroll of magic mapping {unknown}
 l - a scroll of blinking {unknown}
 m - a scroll of identify {unknown}
 n - a scroll of enchant weapon {unknown}
Potions
 b - a potion of might
 e - a potion of ambrosia {unknown}
 g - a potion of lignification {unknown}
 i - a potion of attraction {unknown}


   Skills:
 - Level 3.0 Fighting
 - Level 3.0 Dodging
 - Level 3.0 Shields
 + Level 4.6 Unarmed Combat


You had 3 spell levels left.
You didn't know any spells.
Your spell library contained the following spells:

 Spells                   Type           Power      Damage    Failure   Level
 Inner Flame              Hex/Fire       0%         N/A       99%         3
 Cause Fear               Hex            0%         N/A       100%        4
 Discord                  Hex            0%         N/A       100%        8


Dungeon Overview and Level Annotations

Branches:
Dungeon (3/15)

Altars:
Cheibriados
Hepliaklqana
Kikubaaqudgha
Uskayaw
Vehumet

Annotations:
D:3 2 transporters, styxcanada's ghost, amateur SpBr


Innate Abilities, Weirdness & Mutations

You cannot wear most types of armour.
You are amphibious.
You can wear up to eight rings at the same time.
Your skin changes colour to match your surroundings (Stealth+).
Your rubbery body absorbs attacks. (AC +1, EV +1)
((You are camouflaged near water. (Stealth+)))
You have tentacles for arms and can constrict up to eight enemies at once.


Message History

The hobgoblin is heavily wounded.
You constrict the hobgoblin. The hobgoblin misses you. The hobgoblin hits you.
* * * LOW HITPOINT WARNING * * *
You tentacle-slap the hobgoblin.
You kill the hobgoblin!
You tentacle-slap the goblin but do no damage.
Your grab misses the goblin. The goblin barely misses you.
You bludgeon the goblin!
You kill the goblin!
The goblin hits you but does no damage.
You tentacle-slap the goblin. Your grab misses the goblin.
The goblin is moderately wounded.
The goblin hits you with a +0 club.
* * * LOW HITPOINT WARNING * * *
You barely miss the goblin. Your grab misses the goblin.
Your squeeze misses the goblin.
The goblin is moderately wounded.
The goblin closely misses you.
You closely miss the goblin. Your grab misses the goblin.
You squeeze the goblin.
You kill the goblin!
The hobgoblin completely misses you.
You completely miss the hobgoblin. Your grab misses the hobgoblin.
The hobgoblin barely misses you.
You tentacle-slap the hobgoblin but do no damage.
Your grab misses the hobgoblin. The hobgoblin hits you.
* * * LOW HITPOINT WARNING * * *
You barely miss the hobgoblin. You grab the hobgoblin.
You constrict the hobgoblin. The hobgoblin hits you.
* * * LOW HITPOINT WARNING * * *
You tentacle-slap the hobgoblin.
You kill the hobgoblin!
The goblin unwields a +0 club.
The goblin wields a +0 hunting sling.
The goblin shoots a stone.
The stone misses you.
You tentacle-slap the hobgoblin but do no damage.
Your grab misses the hobgoblin. Your squeeze misses the hobgoblin.
The hobgoblin barely misses you.
You barely miss the hobgoblin. Your grab misses the hobgoblin.
Your squeeze misses the hobgoblin. The hobgoblin hits you.
You die...

###...#.######............#
.........# #.............#
########## #.###.#......># #
...© ....####....###...#
#.#..#.#..#.###..#.##.##.###
#..##...##..#......#g..#...##
#..##...##..#....####'####..#
#.#..#.#..#.##..##g#)..# ##.#
#.....[[..OO##..@gggg..+ #.#
#############...##g#...# ##.#
.....©.©.....##..####'####..#
...)#...##.#.###...#...#...##
###....##..#.# ###.##.##.###
# ###.....##.#####..###..#
####........###.....##
##..###....#########
######..#####........#


You could see 4 hobgoblins and 2 goblins.

Vanquished Creatures
  2 adders (D:2)
  2 orcs (D:3)
  8 bats
  5 endoplasms
  4 giant cockroaches
  6 goblins
  8 hobgoblins
  4 jackals (D:2)
  2 quokkas
  8 ball pythons
  5 frilled lizards
  7 kobolds
  4 rats
65 creatures vanquished.

Notes
Turn   | Place    | Note
-------+----------+-------------------------------------------
     0 | D:1      | Rennog the Octopode Fighter began the quest for the Orb.
     0 | D:1      | Reached XP level 1. HP: 16/16 MP: 1/1
   203 | D:1      | Reached XP level 2. HP: 21/21 MP: 2/2
   243 | D:1      | Found a faded altar of an unknown god.
   255 | D:1      | Reached skill level 3 in Unarmed Combat
   270 | D:1      | Became a worshipper of Vehumet
   270 | D:1      | Reached * piety under Vehumet
   270 | D:1      | Offered knowledge of Freeze by Vehumet.
   482 | D:1      | Fell from the grace of Vehumet
   951 | D:2      | Reached XP level 3. HP: 11/26 MP: 3/3
  1661 | D:2      | Reached skill level 4 in Unarmed Combat
  1938 | D:2      | Reached XP level 4. HP: 28/31 MP: 4/4
  2445 | D:3      | Found a transporter.
  2614 | D:3      | Found a transporter.
  2614 | D:3      | Noticed an ogre
  2614 | D:3      | Noticed styxcanada's ghost (amateur SpBr)
  2615 | D:3      | Noticed an ogre
  2629 | D:3      | Found an ancient bone altar of Kikubaaqudgha.
  2731 | D:3      | Found a hide-covered altar of Uskayaw.
  2789 | D:3      | Identified the +8 dire flail of the Living Dead {vorpal,
                  | Fragile Str+3 Int+4}
  2789 | D:3      | Noticed an ogre
  2954 | D:3      | Found a snail-covered altar of Cheibriados.
  2954 | D:3      | Found a hazy altar of Hepliaklqana.
  3174 | D:3      | Slain by a hobgoblin

Illustrated notes

Levels and vault maps discovered:
D:1:      elethiomel_arrival_shortcut, layout_loops_ring,
          chequers_ecumenical_altar_simple, minmay_misc_feat_doors
D:2:      layout_loops_ring
D:3:      cheibrodos_greedy_goblins, layout_rooms, jmf_multi_god_temple,
          lemuel_tele_altar, general_overflow_altar, gammafunk_ghost_smash

Skill      XL: |  1  2  3 |
---------------+----------+-----
Unarmed Combat | 3 4 |  4.6
Fighting       | |  3.0
Dodging        | |  3.0
Shields        | |  3.0

Action                   |  1- 3 |  4- 6 || total
-------------------------+-------+-------++-------
Melee: Unarmed           |    74 |    66 ||   140
       Constrict         |    15 |    13 ||    28
       Tentacles         |     7 |     9 ||    16
       Punch             |     1 |     3 ||     4
Invok: Renounce Religion |     1 |       ||     1
 Stab: Sleeping          |     9 |     5 ||    14
       Distracted        |     1 |       ||     1
Armor: Skin              |     5 |     8 ||    13
Dodge: Dodged            |    38 |    23 ||    61
Block: Kite shield       |    35 |    34 ||    69
